 Dungeon Crawl Stone Soup version 0.26.1-2-gb8aa6d0cf2 (webtiles) character file.

Game seed: 1244061410883433208

2818 PentaManta the Cleaver (level 10, 0/61 HPs)
             Began as a Halfling Abyssal Knight on Feb 10, 2021.
             Was a Priest of Lugonu.
             Engulfed by a cloud of freezing vapour (14 damage)
             ... on level 5 of the Dungeon.
             The game lasted 00:16:34 (7372 turns).

PentaManta the Cleaver (Halfling Abyssal Knight)    Turns: 7372, Time: 00:16:35

Health: 0/61       AC:  6    Str: 16    XL:     10   Next: 3%
Magic:  13/13      EV: 17    Int: 10    God:    Lugonu [***...]
Gold:   460        SH:  6    Dex: 15    Spells: 9/9 levels left

rFire    . . .     SeeInvis .   A - +0 war axe
rCold    + . .     Faith    .   n - +0 buckler
rNeg     . . .     Spirit   .   C - +2 leather armour {rC+}
rPois    .         Reflect  .   h - +0 helmet
rElec    .         Harm     .   (no cloak)
rCorr    .         Rampage  .   (no gloves)
Will     .....                  (no boots)
Stlth    ++........             d - amulet of regeneration
HPRegen  0.60/turn              i - +4 ring of evasion
MPRegen  0.13/turn              E - ring of stealth

@: studying Fighting
A: small, low mp 1, mutation resistance 1
a: Renounce Religion, Depart the Abyss, Bend Space, Banish


You were on level 5 of the Dungeon.
You worshipped Lugonu.
Lugonu was most pleased with you.
You visited 1 branch of the dungeon, and saw 8 of its levels.
You visited the Abyss 1 time.

You collected 460 gold pieces.

Inventory:

Hand Weapons
 b - a +2 mace of protection
 o - a +1 dagger of holy wrath
 q - a +0 hunting sling
 A - a +0 war axe (weapon)
Missiles
 k - 42 sling bullets
 l - 5 boomerangs of dispersal (quivered)
 p - 248 stones
 y - 15 poisoned darts
 B - 31 boomerangs
Armour
 c - a +2 ring mail of fire resistance
 h - a +0 helmet (worn)
 n - a +0 buckler (worn)
 C - a +2 leather armour of cold resistance (worn)
Jewellery
 d - an amulet of regeneration (around neck)
 i - a +4 ring of evasion (left hand)
 D - an uncursed amulet of reflection
 E - a ring of stealth (right hand)
 F - an uncursed ring of fire
Wands
 e - a wand of flame (22)
Scrolls
 f - 3 scrolls of identify
 g - 2 scrolls of remove curse
 j - a scroll of fear
 r - 2 scrolls of enchant armour
 t - 5 scrolls of teleportation
Potions
 m - 2 potions of degeneration
 v - a potion of resistance
 w - a potion of magic {unknown}
 x - 3 potions of heal wounds
 z - 4 potions of brilliance
Books
 s - a manual of Fighting


   Skills:
 - Level 2.6 Fighting
 * Level 10.2 Axes
 - Level 2.1 Armour
 - Level 1.1 Dodging
 - Level 5.6 Shields
 * Level 7.3 Invocations


You had 9 spell levels left.
You didn't know any spells.
Your spell library was empty.

Dungeon Overview and Level Annotations

Branches:
Dungeon (8/15)
 Temple: D:4-7         Lair: D:8-11

Altars:
Cheibriados
Dithmenos
Elyvilon
Fedhas
Gozag
Hepliaklqana
Kikubaaqudgha
Ru
Vehumet
Wu Jian
Yredelemnul
Zin
The Shining One

Shops:
D:4 *

Annotations:
D:2 2 transporters
D:5 1 exclusion


Innate Abilities, Weirdness & Mutations

You are small and have problems with some larger weapons.
You are somewhat resistant to further mutation.
Your magical capacity is low. (-10% MP)


Message History

You start resting.
HP restored.
Really walk into a travel-excluded area?
You start waiting.
Done waiting.
You start waiting.
Done waiting.
Unknown command.
Things that are here:
a flail; a +0 robe You are engulfed in freezing vapours.
You resist.
You are engulfed in freezing vapours.
You resist.
You are engulfed in freezing vapours.
You resist. Space bends around you!
You blink.
You are engulfed in freezing vapours.
You resist.
You are engulfed in freezing vapours.
You resist.
You are engulfed in freezing vapours.
You resist.
* * * LOW HITPOINT WARNING * * *
You are engulfed in freezing vapours.
You resist.
You die...

......#......#..........#
#######......#####..#.#.#
#.......##.☼☼#....#.#
#...<#.###.#☼#....#.#
#.#......#.#☼#....#.#######
#.#..#.#.#.#☼#....#.#.....#
#.#......#.#☼#..#.#.#.....#
##.#.##.#.#.#☼#..#.#.#.....###
#..#.##.#.#.#@#....#.#.......#
#.##......#.#☼#)..##.........#
#.#####...#☼#.#[[.######.#)..#
##.### ###.#☼#.#...##.#
#.....# #....# #.#☼#.#...##.#
#.....# ######.#
#.#☼#.#....#.###.<...# ..#
#.#####.#☼#.#....#..........
..#
#.......#☼#.#....#.####....#
..#
#########○#○#..........)...#


There were no monsters in sight!

Vanquished Creatures
  Joseph (D:7)
  Grinder (D:6)
  Sigmund (D:5)
  Eustachio (D:4)
  Menkaure (D:7)
  Duvessa (D:4)
  A black bear (D:6)
  An ice beast (D:6)
  A sky beast (D:6)
  A phantom (D:6)
  A centaur (D:6)
  2 ogres (D:6)
  A bullfrog (D:7)
  2 scorpions
  Dowan (D:4)
  A hound (D:4)
  A bullfrog skeleton (D:5)
  6 orc priests
  4 orc wizards
  2 iguanas
  Ijyb (D:4)
  3 worker ants
  Natasha (thrice) (D:2)
  Terence (D:2)
  A hound zombie (D:7)
  A worker ant zombie (D:5)
  Robin (D:1)
  4 gnolls (D:6)
  8 adders
  A shadow imp (D:6)
  A white imp (D:6)
  2 ufetubi (D:5)
  2 oozes
  2 worms
  A dart slug (D:1)
  3 leopard geckos
  29 orcs
  2 ball pythons
  7 bats
  6 giant cockroaches
  11 goblins
  5 hobgoblins
  6 jackals
  4 quokkas
  5 frilled lizards
  A jackal zombie (D:7)
  5 kobolds
  A leopard gecko skeleton (D:5)
  7 rats
155 creatures vanquished.

Vanquished Creatures (others)
  2 orc wizards
2 creatures vanquished.

Grand Total: 157 creatures vanquished

Notes
Turn   | Place    | Note
-------+----------+-------------------------------------------
     0 | Abyss:1  | PentaManta the Halfling Abyssal Knight began the quest for
                  | the Orb.
     0 | Abyss:1  | Reached XP level 1. HP: 15/15 MP: 2/2
    20 | Abyss:1  | Noticed a large abomination
    47 | D:1      | Escaped the Abyss
   367 | D:1      | Reached XP level 2. HP: 17/20 MP: 3/3
   517 | D:1      | Reached skill level 3 in Axes
   614 | D:1      | Reached XP level 3. HP: 25/25 MP: 4/4
  1063 | D:2      | Noticed Robin
  1080 | D:2      | Reached ** piety under Lugonu
  1130 | D:1      | Killed Robin
  1131 | D:1      | Reached skill level 4 in Axes
  1131 | D:1      | Reached XP level 4. HP: 22/30 MP: 5/5
  1276 | D:2      | Found an ornate altar of the Wu Jian Council.
  1389 | D:2      | Noticed Natasha
  1399 | D:2      | Killed Natasha
  1400 | D:2      | Reached XP level 5. HP: 35/35 MP: 6/6
  1445 | D:2      | Noticed Natasha
  1453 | D:2      | Killed Natasha
  1454 | D:2      | Reached skill level 5 in Axes
  1591 | D:2      | Found an opulent altar of Gozag.
  1591 | D:2      | Found an ancient bone altar of Kikubaaqudgha.
  1614 | D:2      | Noticed Natasha
  1616 | D:2      | Noticed Terence
  1638 | D:2      | HP: 1/35 [Natasha/magic dart (12)]
  1641 | D:2      | Gained mutation: Your magical capacity is low. (-10% MP)
                  | [potion of mutation]
  1647 | D:2      | Killed Natasha
  1679 | D:2      | Killed Terence
  1739 | D:2      | Noticed an ogre
  1742 | D:2      | Found a transporter.
  1742 | D:2      | Noticed an eye of draining
  1746 | D:2      | Found a transporter.
  1757 | D:2      | Found a radiant altar of Vehumet.
  1814 | D:2      | Found a hazy altar of Hepliaklqana.
  2101 | D:3      | Found a basalt altar of Yredelemnul.
  2226 | D:3      | Reached XP level 6. HP: 41/41 MP: 6/6
  2588 | D:3      | Found a white marble altar of Elyvilon.
  3022 | D:4      | Reached *** piety under Lugonu
  3023 | D:4      | Reached skill level 6 in Axes
  3023 | D:4      | Reached skill level 1 in Shields
  3139 | D:4      | Noticed Eustachio
  3224 | D:4      | Noticed Dowan
  3260 | D:4      | Killed Dowan
  3261 | D:4      | Reached XP level 7. HP: 12/45 MP: 7/7
  3291 | D:4      | Killed Eustachio
  3292 | D:4      | Reached skill level 7 in Axes
  3335 | D:4      | Noticed Duvessa
  3386 | D:4      | Killed Duvessa
  3557 | D:4      | Found a glowing golden altar of the Shining One.
  3740 | D:4      | Noticed Ijyb
  3759 | D:4      | Killed Ijyb
  3777 | D:4      | Found a shadowy altar of Dithmenos.
  4135 | D:4      | Found Kosot's General Store.
  4319 | D:5      | Entered Level 5 of the Dungeon
  4322 | D:5      | Reached XP level 8. HP: 51/51 MP: 8/8
  4418 | D:5      | Reached skill level 8 in Axes
  4568 | D:5      | HP: 1/51 [ice beast (14)]
  4687 | D:5      | Noticed Sigmund
  4698 | D:5      | Killed Sigmund
  4711 | D:5      | Found a snail-covered altar of Cheibriados.
  5049 | D:5      | You fall into a shaft and drop 3 floors!
  5119 | D:8      | Noticed a basilisk
  5121 | D:8      | Noticed a yak
  5303 | D:7      | Noticed Menkaure
  5312 | D:7      | Noticed Joseph
  5315 | D:7      | Killed Menkaure
  5316 | D:7      | Reached XP level 9. HP: 55/55 MP: 9/11
  5341 | D:7      | Killed Joseph
  5342 | D:7      | Reached skill level 9 in Axes
  5342 | D:7      | Reached skill level 5 in Shields
  5342 | D:7      | Reached skill level 5 in Invocations
  5398 | D:6      | Noticed Grinder
  5594 | D:5      | Found a blossoming altar of Fedhas.
  5907 | D:6      | Found a sacrificial altar of Ru.
  5991 | D:6      | Killed Grinder
  6112 | D:6      | Reached **** piety under Lugonu
  6265 | D:6      | Reached skill level 10 in Axes
  6863 | D:6      | Reached XP level 10. HP: 56/61 MP: 12/13
  6984 | D:6      | Found a glowing silver altar of Zin.
  6987 | D:6      | Identified a scroll of acquirement
  6987 | D:6      | Acquired a manual of Fighting
  7372 | D:5      | Engulfed by a cloud of freezing vapour

Illustrated notes

Levels and vault maps discovered:
D:1:      lemuel_arrival_lava_pool, layout_basic
D:2:      layout_loops_cross, lemuel_crystal_altar,
          gammafunk_temple_overflow_arena, gammafunk_temple_overflow_elements,
          nzn_hepliaklqana_mist_gate, uniq_terence, uniq_natasha, uniq_robin
D:3:      layout_loops_ring, old_standard_altar, nicolae_overflow_crystal_walls
D:4:      layout_loops_corners, marbit_many_paths, serial_shops, shop,
          lemuel_altar_in_water, uniq_eustachio, uniq_duvessa, uniq_ijyb
D:5:      lemuel_ice_spiral_2, layout_basic, kennysheep_mini_moat,
          lemuel_crystal_altar, uniq_sigmund
D:6:      layout_layer_cave, zin_treasury, nicolae_ru_awakened_eye, uniq_grinder
D:7:      layout_rooms, minmay_temple_entry_mini_moons, chequers_jeans,
          uniq_menkaure, uniq_joseph
D:8:      layout_loops_ring, kennysheep_okawaru_gauntlet,
          nicolae_qazlal_general_emergency, minmay_lair_entry_grove, uniq_grum

Skill      XL: |  1  2  3  4  5  6  7  8  9 |
---------------+----------------------------+-----
Axes           | 3 4 5 6 7 8 10 | 10.2
Shields        | 2 3 4 5 |  5.6
Invocations    | 4 7 |  7.3
Fighting       | |  2.6
Armour         | |  2.1
Dodging        | |  1.1

Action                   |  1- 3 |  4- 6 |  7- 9 | 10-12 || total
-------------------------+-------+-------+-------+-------++-------
Melee: Hand axe          |    93 |   262 |   106 |       ||   461
       Unarmed           |       |       |     3 |       ||     3
       War axe           |       |       |   330 |     1 ||   331
Throw: Boomerang         |       |       |     2 |       ||     2
       Throwing net      |       |       |     2 |       ||     2
Invok: Bend Space        |       |     1 |     6 |     1 ||     8
       Banish            |       |       |     1 |       ||     1
  Use: Scroll            |     1 |     1 |     9 |     3 ||    14
       Potion            |       |     6 |     2 |       ||     8
 Stab: Invisible         |       |       |     6 |       ||     6
       Held in net/web   |       |       |     1 |       ||     1
       Sleeping          |       |       |     1 |       ||     1
Armor: Leather armour    |    32 |    10 |       |       ||    42
       Skin              |       |    24 |       |       ||    24
       Ring mail         |       |    56 |    79 |       ||   135
Dodge: Dodged            |    81 |   232 |   260 |       ||   573
Block: Buckler           |       |    41 |   101 |       ||   142
